AoeStats
← 夏天九号

Arabia

509526381Analyzed
1v1 RM · 4d ago on Sep 27, 2026· 25m 26s· 2 players
Game mode
Random Map
Map size
Tiny (2 player)
Population
200
Speed
Normal
Resources
Standard
Victory
Conquest
Starting age
Dark Age
Ending age
Imperial Age
RankedLock teamsTeams togetherTeam positionsShared explorationLock speedFull tech treeHidden civsTurbo modeCheats
Victory
Defeat
🇨🇳 Spanish · China
2084
+8
🇨🇳 Varangians · China
1901
-8
Backspace
3:35 Loom
7:57 Loom
9:52 Feudal Age
15:17 Castle Age
23:05 Padded Archer Armor
夏天九号
7:23 Loom
9:28 Feudal Age
9:50 Man-at-Arms
13:01 Town Watch
14:01 Double-Bit Axe
19:44 Castle Age
21:00 Fletching
22:02 Bodkin Arrow
23:49 Ballistics
Connection lost

Rejoining the realm…

Still unreachable

The connection could not be restored.

Session expired

The server has moved on; the page needs a fresh start.